 Dungeon Crawl Stone Soup version 0.31-a0-949-g57150269e1 (console) character file.

Game seed: 8159480150603623056

161541 jejorda2 the Cleaver (level 17, -5/138 HPs)
             Began as a Gnoll Berserker on Oct 21, 2023.
             Was a High Priest of Trog.
             Blown up by an orb spider (29 damage)
             ... with a wavering orb of destruction
             ... on level 4 of the Spider Nest.
             The game lasted 01:41:38 (31863 turns).

jejorda2 the Cleaver (Gnoll Berserker)             Turns: 31863, Time: 01:41:38

Health: -5/138     AC: 31    Str: 25    XL:     17   Next: 79%
Magic:  29/29      EV: 11    Int:  7    God:    Trog [*****.]
Gold:   2632       SH: 17    Dex: 13    Spells: 40/40 levels left

rFire   + . .        b - +8 broad axe {freeze, *Slow rPois rN++ SInv}
rCold   . . .        H - +0 kite shield {AC+3}
rNeg    + + .        P - +0 plate armour {rF+}
rPois   +            x - +2 hat "Fixivode" {Str+2}
rElec   .            f - +2 cloak
rCorr   +            l - +2 pair of gloves
SInv    +            D - +2 pair of boots
Will    +....        w - amulet of reflection
Stlth   +            X - ring of resist corrosion
HPRegen 0.43/turn    (no ring)
MPRegen 0.21/turn

%: slow self (1%), reflection
@: contaminated, glowing
A: fangs 1, strong nose, distributed training, antennae 1, low MP 1
a: Renounce Religion, Berserk, Trog's Hand, Brothers in Arms


You were on level 4 of the Spider Nest.
You worshipped Trog.
Trog was extremely pleased with you.
You visited 4 branches of the dungeon, and saw 26 of its levels.
You also visited: Ossuary, Gauntlet and Volcano.

You collected 2672 gold pieces.
You spent 40 gold pieces at shops.

Inventory:

Hand Weapons
 a - the +12 dagger of Generosity {elec, Will+}
   (You found it on level 11 of the Dungeon)

   Will+:     It increases your willpower.
 b - the +8 broad axe of Disorder (weapon) {freeze, *Slow rPois rN++ SInv}
   (You found it on level 12 of the Dungeon)

   rPois:     It protects you from poison rN++: It greatly protects you from
   negative energy.
   SInv:      It lets you see invisible.
   *Slow:     It may slow you when you take damage.
Missiles
 m - 11 silver javelins
 v - 5 datura-tipped darts
 y - a throwing net
 z - 9 darts of dispersal
 C - 2 atropa-tipped darts
 E - 3 curare-tipped darts
 F - 15 boomerangs
 G - 23 poisoned darts (quivered)
 M - 11 javelins
Armour
 f - a +2 cloak (worn)
 l - a +2 pair of gloves (worn)
 x - the +2 hat "Fixivode" (worn) {Str+2}
   (You found it in a Gauntlet)

   Str+2:     It affects your strength (+2).
 D - a +2 pair of boots (worn)
 H - a +0 kite shield of protection (worn)
 P - a +0 plate armour of fire resistance (worn)
Jewellery
 w - an amulet of reflection (around neck)
 I - a ring of ice
 X - a ring of resist corrosion (left hand)
Wands
 h - a wand of paralysis (36)
 o - a wand of polymorph (10)
 q - a wand of iceblast (29)
 K - a wand of flame (46)
 N - a wand of quicksilver (9)
 Q - a wand of digging (10)
 T - a wand of mindburst (19)
Scrolls
 c - 5 scrolls of immolation
 e - 6 scrolls of enchant weapon
 i - 3 scrolls of revelation
 j - 12 scrolls of teleportation
 p - 3 scrolls of blinking
 s - 7 scrolls of fear
 u - 3 scrolls of enchant armour
 J - 4 scrolls of fog
 L - a scroll of summoning
 U - 3 scrolls of silence
Potions
 d - 6 potions of attraction
 g - 4 potions of resistance
 k - 2 potions of mutation
 n - 8 potions of curing
 r - 5 potions of haste
 t - 5 potions of enlightenment
 A - 4 potions of lignification
 B - 4 potions of invisibility
 O - 2 potions of ambrosia
 R - a potion of cancellation
 S - 2 potions of heal wounds
Miscellaneous
 V - a lightning rod (4/4)


   Skills:
 + Level 13.6 Fighting
 + Level 12.1 Short Blades
 + Level 12.1 Long Blades
 + Level 13.6 Axes
 + Level 12.1 Maces & Flails
 + Level 12.1 Polearms
 + Level 12.1 Staves
 + Level 12.1 Ranged Weapons
 + Level 12.1 Throwing
 + Level 12.9 Armour
 + Level 12.9 Dodging
 + Level 12.1 Stealth
 + Level 12.1 Shields
 + Level 12.1 Unarmed Combat
 + Level 12.1 Spellcasting
 + Level 10.2 Conjurations
 + Level 10.2 Hexes
 + Level 10.2 Summonings
 + Level 10.2 Necromancy
 + Level 10.2 Translocations
 + Level 10.2 Transmutations
 + Level 10.2 Fire Magic
 + Level 10.2 Ice Magic
 + Level 10.2 Air Magic
 + Level 10.2 Earth Magic
 + Level 10.2 Poison Magic
 + Level 13.1 Invocations
 + Level 12.1 Evocations
 + Level 11.1 Shapeshifting


You had 40 spell levels left.
You didn't know any spells.
Your spell library was empty.

Dungeon Overview and Level Annotations

Branches:
Dungeon (15/15)            Temple (0/1) D:7            Lair (5/5) D:10
  Swamp (0/4) Lair:2       Spider (4/4) Lair:2        Slime (0/5) Lair:5
    Orc (2/2) D:10            Elf (0/3) Orc:2        Vaults (0/5) D:14
 Depths (0/4) D:15        Ossuary (visited)         Volcano (visited)
Gauntlet (visited)

Altars:
Fedhas
Kikubaaqudgha
Okawaru
Qazlal
Vehumet
Yredelemnul
Zin
The Shining One

Shops:
D:9 ?   D:14 !   Orc:2 :**(:

Portals:
Pandemonium: Orc:2

Annotations:
D:6 exclusion: statue


Innate Abilities, Weirdness & Mutations

You have very sharp teeth.
Your uncanny sense of smell can sniff out nearby items.
Your experience applies equally to all skills.
You have a pair of small antennae on your head.
Your magical capacity is low. (-10% MP)


Message History

Unknown command.
You slash the radroach! You freeze the radroach.
You bite the radroach, but do no damage.
The radroach is severely wounded.
The radroach erupts in a fountain of uncontrolled magic!
You are blasted with magical radiation!!
You slice the radroach!! You freeze the radroach!
You kill the radroach!
Trog accepts your kill.
Unknown command.
You throw a poisoned dart. The poisoned dart hits the orb spider!
The orb spider is poisoned.
You throw a poisoned dart. The poisoned dart hits the orb spider!!
The orb spider looks as sick as possible!
The orb spider is lightly wounded.
You throw a poisoned dart. The poisoned dart hits the orb spider!!
The orb spider looks as sick as possible!
The orb spider is lightly wounded.
You throw a poisoned dart.
The poisoned dart closely misses the orb spider.
The orb spider weaves a glowing orb of energy.
An orb of destruction comes into view.
You throw a poisoned dart. The poisoned dart hits the orb spider.
The orb spider looks as sick as possible!
The orb spider is moderately wounded.
You throw a poisoned dart. The poisoned dart hits the orb spider.
The orb spider looks as sick as possible!
The orb spider is heavily wounded.
The orb of destruction hits you!!!
* * * LOW HITPOINT WARNING * * *
The orb spider spins a strand of pure energy.
The orb spider weaves a glowing orb of energy.
Your body shudders with the violent release of wild energies!
You shed all your fur.
An orb of destruction comes into view.
There is a stone staircase leading up, spattered with blood here.
You kill the orb spider!
Trog accepts your kill.
The wavering orb of destruction hits you!!
You die...

## ^^.###
...(..################
.......#....^.<....^.#
#....#.°†....†.....#
#...(@☼##.......###
#..((.((##...^....#
#^.#....^##......##
#.^#......#^#...... #.
#...#..###...... ##
#...#((.. .....(
##!.#....# #.##.....


There were no monsters in sight!

Vanquished Creatures
  Jorgrun (D:12)
  Rupert (D:15)
  Gastronok (Lair:2)
  Kirke (Spider:3)
  A fenstrider witch (shapeshifter) (D:15)
  An emperor scorpion (Spider:3)
  A ghost moth (Spider:3)
  A quicksilver ooze (Gauntlet)
  A stone giant (D:15)
  3 broodmothers
  Nessos (Lair:3)
  A dire elephant (Gauntlet)
  A minotaur (Gauntlet)
  An ettin (Orc:2)
  A crystal guardian (D:14)
  Josephine (D:11)
  4 entropy weavers
  2 hydras
  A jorogumo (Spider:3)
  A catoblepas (Lair:4)
  A demonspawn (Orc:2)
  3 radroaches
  A dancing weapon (Volcano)
  10 boulder beetles
  A death knight (D:13)
  The ghost of Sheldon the Thrower, a novice DrMo of Xom (Lair:1)
  7 centaur warriors
  A deep troll earth mage (D:14)
  4 death yaks (Lair:3)
  6 orc high priests (Orc:2)
  7 two-headed ogres
  5 tengu warriors
  Urug (D:12)
  3 demonic crawlers (Spider:2)
  A soul eater (Gauntlet)
  2 occultists (Volcano)
  A skyshark (Lair:3)
  A sixfirhy (Orc:2)
  A wretched star (Gauntlet)
  Amaemon (Lair:1)
  2 skeletal warriors
  3 pharaoh ants
  10 orb spiders
  An arcanist (D:14)
  A deep elf archer (D:14)
  4 steelbarb worms
  9 orc knights
  Pikel (D:6)
  3 deep elf pyromancers
  An oklob plant (Lair:3)
  A manticore (shapeshifter) (Spider:3)
  6 orc sorcerers (Orc:2)
  16 ugly things
  13 wolf spiders
  7 cyclopes
  2 manticores (D:14)
  A moth of wrath (Spider:3)
  A rust devil (Gauntlet)
  3 black mambas
  4 toenail golems (Volcano)
  8 elephants
  Joseph (Lair:1)
  A black mamba (shapeshifter) (D:15)
  3 torpor snails
  4 gargoyles
  2 kobold demonologists
  9 cane toads
  An orange demon (Lair:1)
  A rime drake (Lair:5)
  An efreet (D:13)
  9 komodo dragons
  The ghost of sammy202020 the Trooper, a novice GrBe of Trog (D:4)
  2 tengu conjurers
  A freezing wraith (D:13)
  A queen bee (shapeshifter) (D:14)
  8 polar bears
  9 trolls
  10 meliai
  A queen bee (D:14)
  7 hornets
  A hellwing (Orc:2)
  9 blink frogs
  14 dream sheep (Lair:5)
  16 tarantellas
  9 slime creatures (D:13)
  10 culicivoras
  18 jumping spiders
  A shadow (D:11)
  15 spriggans
  9 wraiths
  A yak (shapeshifter) (D:14)
  6 wyverns
  50 yaks
  2 ynoxinuls
  A hog (Spider:3)
  20 humans
  2 chaos spawn (Orc:2)
  Eustachio (D:6)
  6 basilisks
  7 vampire mosquitoes
  6 steam dragons
  A neqoxec (Gauntlet)
  45 redbacks
  3 wargs
  5 acid dragons
  5 water moccasins
  2 ice beasts
  31 orc warriors
  A sky beast (D:7)
  6 black bears
  7 ogres
  18 wolves
  3 boggarts (Lair:5)
  12 centaurs
  A phantom (D:7)
  7 kobold brigands
  3 lemures (D:6)
  22 bullfrogs
  4 scorpions
  7 wights
  33 killer bees
  4 howler monkeys
  7 electric eels (Lair:2)
  3 lava snakes (Lair:2)
  A centaur zombie (Ossuary)
  12 jellies
  2 gnoll boudas (D:6)
  A human zombie (Ossuary)
  19 orc priests
  3 iron imps (Gauntlet)
  4 hounds
  An iguana (D:6)
  7 orc wizards
  2 scorpion zombies (D:3)
  2 sleepcaps
  A hound zombie (D:3)
  A hound skeleton (D:3)
  5 mummies (Ossuary)
  9 adders
  13 gnolls
  4 shadow imps
  A white imp (D:8)
  3 adder skeletons (D:3)
  4 worms
  4 dart slugs
  60 orcs
  21 endoplasms
  2 giant cockroaches
  15 goblins
  9 hobgoblins
  5 jackals
  3 quokkas
  7 ball pythons
  3 ball python skeletons (D:3)
  4 bats
  A frilled lizard (D:2)
  A gnoll zombie (Ossuary)
  A goblin zombie (Ossuary)
  2 hobgoblin zombies (Ossuary)
  A jackal skeleton (D:3)
  34 kobolds
  A kobold zombie (Ossuary)
  An orc zombie (Ossuary)
  2 rats
959 creatures vanquished.

Vanquished Creatures (others)
  5 humans (Spider:3)
  A vampire mosquito (Lair:2)
  An ogre (Orc:2)
  A killer bee (D:14)
  An orc (Orc:2)
  2 kobolds (D:8)
11 creatures vanquished.

Grand Total: 970 creatures vanquished

Notes
Turn   | Place    | Note
-------+----------+-------------------------------------------
     0 | D:1      | jejorda2 the Gnoll Berserker began the quest for the Orb.
     0 | D:1      | Reached XP level 1. HP: 23/23 MP: 1/1
    64 | D:1      | Reached XP level 2. HP: 29/29 MP: 2/2
   407 | D:1      | Reached XP level 3. HP: 35/35 MP: 3/3
   597 | D:2      | Found a faded altar of an unknown god.
   685 | D:2      | Reached skill level 1 in Invocations
   693 | D:2      | Reached skill level 1 in Short Blades
   693 | D:2      | Reached skill level 1 in Long Blades
   693 | D:2      | Reached skill level 1 in Maces & Flails
   693 | D:2      | Reached skill level 1 in Polearms
   693 | D:2      | Reached skill level 1 in Staves
   693 | D:2      | Reached skill level 1 in Ranged Weapons
   693 | D:2      | Reached skill level 1 in Throwing
   693 | D:2      | Reached skill level 1 in Stealth
   693 | D:2      | Reached skill level 1 in Shields
   693 | D:2      | Reached skill level 1 in Unarmed Combat
   693 | D:2      | Reached skill level 1 in Spellcasting
   693 | D:2      | Reached skill level 1 in Evocations
   694 | D:2      | Reached ** piety under Trog
   695 | D:2      | Reached skill level 1 in Shapeshifting
   695 | D:2      | Reached XP level 4. HP: 41/41 MP: 3/5
  1454 | D:3      | Found a blossoming altar of Fedhas.
  1497 | D:3      | Reached skill level 1 in Conjurations
  1497 | D:3      | Reached skill level 1 in Hexes
  1497 | D:3      | Reached skill level 1 in Summonings
  1497 | D:3      | Reached skill level 1 in Necromancy
  1497 | D:3      | Reached skill level 1 in Translocations
  1497 | D:3      | Reached skill level 1 in Transmutations
  1497 | D:3      | Reached skill level 1 in Fire Magic
  1497 | D:3      | Reached skill level 1 in Ice Magic
  1497 | D:3      | Reached skill level 1 in Air Magic
  1497 | D:3      | Reached skill level 1 in Earth Magic
  1497 | D:3      | Reached skill level 1 in Poison Magic
  1581 | D:3      | Reached XP level 5. HP: 35/47 MP: 5/7
  2301 | D:3      | Reached XP level 6. HP: 53/53 MP: 8/8
  2799 | D:4      | Found a runed translucent door.
  2799 | D:4      | Noticed sammy202020's ghost (novice GrBe)
  2814 | D:4      | Killed sammy202020's ghost
  2815 | D:4      | Reached skill level 5 in Armour
  2815 | D:4      | Reached skill level 5 in Dodging
  2815 | D:4      | Reached XP level 7. HP: 60/60 MP: 8/10
  2915 | D:4      | Found a stormy altar of Qazlal.
  3049 | D:4      | Reached *** piety under Trog
  3267 | D:5      | Entered Level 5 of the Dungeon
  4067 | D:5      | Reached XP level 8. HP: 66/67 MP: 12/12
  4652 | D:6      | Found a sand-covered staircase.
  4661 | Ossuary  | Entered an ossuary
  5073 | D:6      | Found a radiant altar of Vehumet.
  5172 | D:6      | Noticed Eustachio
  5190 | D:6      | Killed Eustachio
  5665 | D:6      | Reached XP level 9. HP: 60/73 MP: 14/14
  5712 | D:6      | Noticed Pikel
  5735 | D:6      | Paralysed by Pikel for 3 turns
  5744 | D:6      | Killed Pikel
  6702 | D:7      | Noticed a hornet
  6715 | D:6      | Killed a hornet
  6716 | D:6      | Reached skill level 5 in Invocations
  7075 | D:7      | Found a staircase to the Ecumenical Temple.
  7131 | D:7      | Reached XP level 10. HP: 73/80 MP: 17/17
  7166 | D:7      | Reached skill level 5 in Short Blades
  7166 | D:7      | Reached skill level 5 in Long Blades
  7166 | D:7      | Reached skill level 5 in Maces & Flails
  7166 | D:7      | Reached skill level 5 in Polearms
  7166 | D:7      | Reached skill level 5 in Staves
  7166 | D:7      | Reached skill level 5 in Ranged Weapons
  7166 | D:7      | Reached skill level 5 in Throwing
  7166 | D:7      | Reached skill level 5 in Stealth
  7166 | D:7      | Reached skill level 5 in Shields
  7166 | D:7      | Reached skill level 5 in Unarmed Combat
  7166 | D:7      | Reached skill level 5 in Spellcasting
  7166 | D:7      | Reached skill level 5 in Evocations
  7493 | D:7      | Found a large runed translucent door.
  7496 | D:7      | Found a large runed translucent door.
  8253 | D:7      | Found a glowing golden altar of the Shining One.
  8256 | D:7      | Found an iron altar of Okawaru.
  8343 | D:8      | Reached **** piety under Trog
  8874 | D:8      | Reached skill level 5 in Shapeshifting
  9969 | D:9      | Found Udiumm's Magic Scroll Shoppe.
 10003 | D:10     | Entered Level 10 of the Dungeon
 10015 | D:10     | Noticed a two-headed ogre
 10023 | D:10     | Killed a two-headed ogre
 10082 | D:10     | Reached XP level 11. HP: 58/87 MP: 19/19
 10169 | D:10     | Found a staircase to the Orcish Mines.
 10201 | D:10     | Reached skill level 5 in Conjurations
 10201 | D:10     | Reached skill level 5 in Hexes
 10201 | D:10     | Reached skill level 5 in Summonings
 10201 | D:10     | Reached skill level 5 in Necromancy
 10201 | D:10     | Reached skill level 5 in Translocations
 10201 | D:10     | Reached skill level 5 in Transmutations
 10201 | D:10     | Reached skill level 5 in Fire Magic
 10201 | D:10     | Reached skill level 5 in Ice Magic
 10201 | D:10     | Reached skill level 5 in Air Magic
 10201 | D:10     | Reached skill level 5 in Earth Magic
 10201 | D:10     | Reached skill level 5 in Poison Magic
 10476 | D:10     | Found a staircase to the Lair.
 11040 | D:10     | Found a glowing silver altar of Zin.
 11040 | D:10     | Noticed an angel
 11355 | Lair:1   | Entered Level 1 of the Lair of Beasts
 11380 | Lair:1   | Found a gate leading to a gauntlet.
 11398 | Gauntlet | Entered a Gauntlet
 11398 | Gauntlet | Found a transporter.
 11400 | Gauntlet | Noticed a soul eater
 11427 | Gauntlet | Found a transporter.
 11430 | Gauntlet | Found a transporter.
 11431 | Gauntlet | Found a transporter.
 11439 | Gauntlet | Found a transporter.
 11442 | Gauntlet | Found a transporter.
 11443 | Gauntlet | Found a transporter.
 11449 | Gauntlet | Noticed a wretched star
 11455 | Gauntlet | Found a transporter.
 11456 | Gauntlet | Found a transporter.
 11456 | Gauntlet | Found a transporter.
 11458 | Gauntlet | Noticed a dire elephant
 11464 | Gauntlet | Found a transporter.
 11467 | Gauntlet | Found a transporter.
 11468 | Gauntlet | Found a transporter.
 11474 | Gauntlet | Noticed a quicksilver ooze
 11476 | Gauntlet | Found a transporter.
 11565 | Gauntlet | Killed a soul eater
 11737 | Gauntlet | Killed a wretched star
 11739 | Gauntlet | Identified the +2 hat "Fixivode" {Str+2}
 11874 | Gauntlet | Gained mutation: You are frail. (-10% HP) [potion of
                  | mutation]
 11875 | Gauntlet | Lost mutation: You are frail. (-10% HP) [potion of
                  | mutation]
 11875 | Gauntlet | Gained mutation: You are agile. (Dex +4, Str/Int -1)
                  | [potion of mutation]
 11875 | Gauntlet | Gained mutation: Your body sometimes deteriorates upon
                  | taking damage. [potion of mutation]
 11875 | Gauntlet | Gained mutation: Your body often deteriorates upon taking
                  | damage. [potion of mutation]
 11876 | Gauntlet | Lost mutation: Your body often deteriorates upon taking
                  | damage. [potion of mutation]
 11876 | Gauntlet | Lost mutation: Your body sometimes deteriorates upon taking
                  | damage. [potion of mutation]
 11876 | Gauntlet | Gained mutation: You are occasionally teleported next to
                  | monsters. [potion of mutation]
 11877 | Gauntlet | Lost mutation: You are occasionally teleported next to
                  | monsters. [potion of mutation]
 11877 | Gauntlet | Lost mutation: You are agile. (Dex +4, Str/Int -1) [potion
                  | of mutation]
 11877 | Gauntlet | Gained mutation: You are agile. (Dex +4, Str/Int -1)
                  | [potion of mutation]
 11915 | Gauntlet | Killed a dire elephant
 11963 | Gauntlet | Killed a quicksilver ooze
 11964 | Gauntlet | Reached XP level 12. HP: 85/97 MP: 4/22
 12107 | Gauntlet | Noticed a minotaur
 12115 | Gauntlet | Killed a minotaur
 12379 | Lair:1   | Noticed Joseph
 12396 | Lair:1   | Killed Joseph
 12431 | Lair:1   | Found a runed translucent door.
 12433 | Lair:1   | Noticed Sheldon's ghost (novice DrMo)
 12433 | Lair:1   | Identified the +4 trident of Dullness {freeze, rC+ Will+
                  | rCorr}
 12504 | Lair:1   | Identified a scroll of acquirement
 12505 | Lair:1   | Acquired a +1 battleaxe of venom
 12629 | Lair:1   | Noticed Amaemon
 12643 | Lair:1   | Killed Amaemon
 12890 | Lair:1   | Reached skill level 10 in Fighting
 12890 | Lair:1   | Reached skill level 10 in Axes
 13146 | Lair:1   | Killed Sheldon's ghost
 13239 | Lair:2   | Noticed Gastronok
 13256 | Lair:2   | Killed Gastronok
 13643 | Lair:2   | Found a staircase to the Swamp.
 13861 | Lair:2   | Reached XP level 13. HP: 98/104 MP: 24/24
 13956 | Lair:2   | You fall into a shaft and drop 2 floors!
 14102 | Lair:3   | Noticed Nessos
 14107 | Lair:3   | Killed Nessos
 14139 | Lair:3   | Acquired the +7 lajatang of Order {silver, rMut}
 14139 | Lair:3   | Found the +7 lajatang of Order {silver, rMut}
 14161 | Lair:3   | Found a dark tunnel.
 14172 | Volcano  | Entered a volcano
 15024 | Lair:2   | Found a hole to the Spider Nest.
 15029 | Lair:2   | Reached skill level 10 in Armour
 15029 | Lair:2   | Reached skill level 10 in Dodging
 15859 | Lair:4   | Reached XP level 14. HP: 113/113 MP: 25/27
 16399 | Lair:5   | Entered Level 5 of the Lair of Beasts
 16644 | Lair:5   | Reached skill level 10 in Invocations
 16800 | Lair:5   | Paralysed by a hornet for 3 turns
 16889 | Lair:5   | Reached ***** piety under Trog
 17360 | Lair:5   | Found a staircase to the Slime Pits.
 18254 | D:11     | Noticed Josephine
 18262 | D:11     | Killed Josephine
 18470 | D:11     | Identified the +12 dagger of Generosity {elec, Will+}
 18494 | D:11     | Received a gift from Trog
 18825 | D:12     | Noticed Jorgrun
 18841 | D:12     | Killed Jorgrun
 18945 | D:12     | Noticed Urug
 18964 | D:12     | Killed Urug
 19177 | D:12     | Reached XP level 15. HP: 110/120 MP: 28/28
 19682 | D:12     | Reached skill level 10 in Short Blades
 19682 | D:12     | Reached skill level 10 in Long Blades
 19682 | D:12     | Reached skill level 10 in Maces & Flails
 19682 | D:12     | Reached skill level 10 in Polearms
 19682 | D:12     | Reached skill level 10 in Staves
 19682 | D:12     | Reached skill level 10 in Ranged Weapons
 19682 | D:12     | Reached skill level 10 in Throwing
 19682 | D:12     | Reached skill level 10 in Stealth
 19682 | D:12     | Reached skill level 10 in Shields
 19682 | D:12     | Reached skill level 10 in Unarmed Combat
 19682 | D:12     | Reached skill level 10 in Spellcasting
 19682 | D:12     | Reached skill level 10 in Evocations
 19744 | D:12     | Identified the +8 broad axe of Disorder {freeze, *Slow
                  | rPois rN++ SInv}
 20113 | D:13     | Found a basalt altar of Yredelemnul.
 20511 | D:13     | Received a gift from Trog
 20947 | D:14     | Found a gate to the Vaults.
 21583 | D:14     | Found Fyngoa's Distillery.
 22041 | D:14     | Received a gift from Trog
 22144 | D:14     | Reached XP level 16. HP: 129/129 MP: 30/30
 22669 | D:14     | Found an ancient bone altar of Kikubaaqudgha.
 22975 | D:15     | Entered Level 15 of the Dungeon
 23076 | D:15     | Reached skill level 10 in Shapeshifting
 23497 | D:15     | Found an iron altar of Okawaru.
 23498 | D:15     | Noticed Rupert
 23523 | D:15     | Killed Rupert
 23831 | D:15     | Found a staircase to the Depths.
 24038 | D:15     | a fire giant changed into a fenstrider witch
 24038 | D:15     | Noticed a fenstrider witch (shapeshifter)
 24047 | D:15     | Killed a fenstrider witch
 24328 | Orc:1    | Entered Level 1 of the Orcish Mines
 24524 | Orc:1    | You fall into a shaft and drop 1 floor!
 24524 | Orc:2    | Entered Level 2 of the Orcish Mines
 24674 | Orc:2    | Found Duolefif's Book Emporium.
 24676 | Orc:2    | Found a staircase to the Elven Halls.
 26072 | Orc:2    | Found Arphalog's General Store.
 26074 | Orc:2    | Found Haivil's General Store.
 26159 | Orc:2    | Received a gift from Trog
 26749 | Orc:2    | Found Cygg's Book Shop.
 26749 | Orc:2    | Found Meunur's Antique Weapon Boutique.
 26750 | Orc:2    | Found a one-way gate leading to the halls of Pandemonium.
 26787 | Orc:2    | Bought 3 darts of dispersal for 40 gold pieces
 26916 | Spider:1 | Entered Level 1 of the Spider Nest
 27914 | Spider:1 | Reached XP level 17. HP: 136/136 MP: 32/32
 28279 | Spider:2 | Received a gift from Trog
 29481 | Spider:2 | Gained mutation: You do not regenerate when monsters are
                  | visible. [mutagenic glow]
 29715 | Spider:2 | Lost mutation: You are agile. (Dex +4, Str/Int -1) [potion
                  | of mutation]
 29715 | Spider:2 | Lost mutation: You do not regenerate when monsters are
                  | visible. [potion of mutation]
 29715 | Spider:2 | Gained mutation: You are covered in fur. (AC +1) [potion of
                  | mutation]
 29715 | Spider:2 | Gained mutation: You have a pair of small antennae on your
                  | head. [potion of mutation]
 29715 | Spider:2 | Gained mutation: Your magical capacity is low. (-10% MP)
                  | [potion of mutation]
 30073 | Spider:2 | Reached skill level 10 in Conjurations
 30073 | Spider:2 | Reached skill level 10 in Hexes
 30073 | Spider:2 | Reached skill level 10 in Summonings
 30073 | Spider:2 | Reached skill level 10 in Necromancy
 30073 | Spider:2 | Reached skill level 10 in Translocations
 30073 | Spider:2 | Reached skill level 10 in Transmutations
 30073 | Spider:2 | Reached skill level 10 in Fire Magic
 30073 | Spider:2 | Reached skill level 10 in Ice Magic
 30073 | Spider:2 | Reached skill level 10 in Air Magic
 30073 | Spider:2 | Reached skill level 10 in Earth Magic
 30073 | Spider:2 | Reached skill level 10 in Poison Magic
 30782 | Spider:3 | Noticed Kirke
 30790 | Spider:3 | Killed Kirke
 31654 | Spider:4 | Entered Level 4 of the Spider Nest
 31862 | Spider:4 | Lost mutation: You are covered in fur. (AC +1) [mutagenic
                  | glow]
 31863 | Spider:4 | Blown up by an orb spider

Illustrated notes

Levels and vault maps discovered:
D:1:      spicycebolla_arrival_clurvy, layout_rooms
D:2:      layout_basic, basic_ecumenical_altar,
          hangedman_abyss_or_decor_lesser_grid, minmay_vboxes
D:3:      layout_basic, fedhas_ov_isle_minmay, serial_undead, serial_undead_c,
          serial_undead_b, serial_undead_d, serial_undead_c, serial_undead_c,
          serial_undead_b, serial_undead_a, minmay_misc_feat_room
D:4:      layout_basic, mainiacjoe_overflow_alcove_2, gammafunk_ghost_grave
D:5:      layout_layer_cave
D:6:      corexii_shantytown, layout_basic, vehumet_statue, enter_ossuary_1,
          uniq_eustachio, uniq_pikel
D:7:      layout_layer_cave, jmf_multi_god_temple2, minmay_temple_entry_hall
D:8:      layout_cave_pools, minivault_25, minmay_bent
D:9:      layout_loops_ring, serial_shops, nicolae_lakefront_shop
D:10:     layout_loops_ring, zin_angel, grunt_lair_entry_orc_guard_hut,
          orc_0_dummy, st_stairs_7
D:11:     layout_cave_pools, chequers_avenue, uniq_josephine
D:12:     layout_long_grid, uniq_urug, uniq_jorgrun
D:13:     layout_long_grid, yredelemnul_altar_generic
D:14:     regret_index_wax_grids, layout_loops_ring, david_vaults_3,
          kiku_gazebo_pond_becter, serial_shops, shop_statue
D:15:     grunt_enter_depths_snipers, layout_rooms, okawaru_trees_2,
          grunt_ministairs_15, uniq_rupert
Lair:1:   layout_chaotic_city, gauntlet_entry_generic,
          ebering_ghost_funeral_grove, lemuel_fruit_tree, uniq_joseph,
          uniq_amaemon
Lair:2:   layout_gridlike, minmay_swamp_entry_swarm,
          hellmonk_spider_entry_not_the_bees, nicolae_quartered_pool_little,
          chequers_serial_rivers_micro_c, nicolae_lair_liquid_snakes,
          uniq_gastronok
Lair:3:   lemuel_slime, layout_misc_corridors, nicolae_volcano_entry_lava_flow,
          grunt_megastairs_1, uniq_nessos
Lair:4:   layout_misc_corridors, serial_rivers, chequers_serial_rivers_micro_d,
          chequers_serial_rivers_small_b, chequers_serial_rivers_small_3,
          chequers_serial_rivers_large_b, chequers_serial_rivers_small_a
Lair:5:   minmay_lair_end_enchanted_forest, layout_gridlike,
          nicolae_slime_entry_field_trip
Spider:1: layout_spider_delve
Spider:2: layout_spider_delve, hangedman_spider_tarantella_strand
Spider:3: layout_spider_delve, hellmonk_deceptive_appearances, uniq_kirke
Spider:4: spider_rune_water, uniq_arachne
Orc:1:    layout_caves, mines2_david
Orc:2:    pf_orc_diabolical, layout_caves, serial_shops, shop

Skill      XL: |  1  2  3  4  5  6  7  8  9 10 11 12 13 14 15 16 17 |
---------------+----------------------------------------------------+-----
Invocations    | 1 2 3 4 5 6 7 8 9 10 11 12 13 | 13.1
Short Blades   | 1 2 3 4 5 7 9 10 11 12 | 12.1
Long Blades    | 1 2 3 4 5 7 9 10 11 12 | 12.1
Maces & Flails | 1 2 3 4 5 7 9 10 11 12 | 12.1
Polearms       | 1 2 3 4 5 7 9 10 11 12 | 12.1
Staves         | 1 2 3 4 5 7 9 10 11 12 | 12.1
Ranged Weapons | 1 2 3 4 5 7 9 10 11 12 | 12.1
Throwing       | 1 2 3 4 5 7 9 10 11 12 | 12.1
Stealth        | 1 2 3 4 5 7 9 10 11 12 | 12.1
Shields        | 1 2 3 4 5 7 9 10 11 12 | 12.1
Unarmed Combat | 1 2 3 4 5 7 9 10 11 12 | 12.1
Spellcasting   | 1 2 3 4 5 7 9 10 11 12 | 12.1
Evocations     | 1 2 3 4 5 7 9 10 11 12 | 12.1
Shapeshifting  | 1 2 3 4 5 6 7 8 9 10 11 | 11.1
Conjurations   | 1 2 3 4 5 6 7 8 9 10 | 10.2
Hexes          | 1 2 3 4 5 6 7 8 9 10 | 10.2
Summonings     | 1 2 3 4 5 6 7 8 9 10 | 10.2
Necromancy     | 1 2 3 4 5 6 7 8 9 10 | 10.2
Translocations | 1 2 3 4 5 6 7 8 9 10 | 10.2
Transmutations | 1 2 3 4 5 6 7 8 9 10 | 10.2
Fire Magic     | 1 2 3 4 5 6 7 8 9 10 | 10.2
Ice Magic      | 1 2 3 4 5 6 7 8 9 10 | 10.2
Air Magic      | 1 2 3 4 5 6 7 8 9 10 | 10.2
Earth Magic    | 1 2 3 4 5 6 7 8 9 10 | 10.2
Poison Magic   | 1 2 3 4 5 6 7 8 9 10 | 10.2
Fighting       | 7 8 9 10 11 12 13 | 13.6
Axes           | 7 8 9 10 11 12 13 | 13.6
Armour         | 5 6 7 8 9 10 11 12 | 12.9
Dodging        | 5 6 7 8 9 10 11 12 | 12.9

Action                     |  1- 3 |  4- 6 |  7- 9 | 10-12 | 13-15 | 16-18 || total
---------------------------+-------+-------+-------+-------+-------+-------++-------
  Melee: Hand axe          |    62 |   211 |   307 |       |       |       ||   580
         Bite              |     5 |    19 |    49 |    75 |   143 |   132 ||   423
         Punch             |     1 |     3 |       |     2 |    15 |       ||    21
         Scimitar          |       |       |    55 |       |       |       ||    55
         War axe           |       |       |    38 |   411 |       |       ||   449
         Demon whip        |       |       |       |    81 |    57 |       ||   138
         Battleaxe         |       |       |       |    61 |    94 |       ||   155
         Lajatang          |       |       |       |       |   438 |       ||   438
         Dagger            |       |       |       |       |   186 |     7 ||   193
         Broad axe         |       |       |       |       |   188 |   896 ||  1084
  Throw: Dart              |       |       |       |    18 |    94 |   136 ||   248
         Javelin           |       |       |       |       |     2 |    11 ||    13
 Invoke: Berserk           |     1 |     1 |    11 |    18 |    18 |    11 ||    60
         Trog's Hand       |       |       |     1 |    10 |    11 |     4 ||    26
         Brothers in Arms  |       |       |       |       |     1 |       ||     1
Ability: Begin Untransform |       |     1 |       |       |       |       ||     1
  Evoke: Wand              |       |       |       |     7 |     3 |     5 ||    15
    Use: Scroll            |       |       |    25 |     7 |    10 |     2 ||    44
         Potion            |       |       |       |     8 |     5 |     2 ||    15
   Stab: Sleeping          |       |     1 |       |       |       |       ||     1
         Paralysed         |       |       |       |    14 |       |     2 ||    16
         Distracted        |       |       |       |       |       |     1 ||     1
 Armour: Animal skin       |     8 |       |       |       |       |       ||     8
         Leather armour    |    17 |    27 |       |       |       |       ||    44
         Plate armour      |       |    93 |   304 |   518 |   949 |   703 ||  2567
  Dodge: Dodged            |    33 |    90 |   126 |   231 |   488 |   330 ||  1298
  Block: Buckler           |       |     4 |    73 |    81 |       |       ||   158
         Kite shield       |       |       |       |       |   239 |   872 ||  1111
         Reflection        |       |       |       |       |     8 |    16 ||    24
   Form: Beast             |       |     1 |       |       |       |       ||     1

Table legend: (Time is in decaauts)
 A = Elapsed time spent in this place.
 B = Non-inter-level travel time spent in this place.
 C = Inter-level travel time spent in this place.
 D = Time resting spent in this place.
 E = Time spent auto-exploring this place.
 F = Levels seen in this place.
 G = Mean time per level.
                   A        B        C        D        E       F      G
               +--------+--------+--------+--------+--------+-----+--------+
         Total |  32308 |  30766 |   1542 |   4410 |  19805 |  29 | 1114.1 |
       Dungeon |  17391 |  16695 |    696 |   1578 |  12260 |  15 | 1159.4 |
          Lair |   5958 |   5389 |    569 |    616 |   3355 |   5 | 1191.6 |
   Spider Nest |   4895 |   4710 |    185 |   1087 |   2709 |   4 | 1223.8 |
  Orcish Mines |   2536 |   2445 |     91 |    777 |    965 |   2 | 1268.0 |
       Ossuary |    369 |    369 |      0 |     60 |    138 |   1 |  369.0 |
       Volcano |    284 |    284 |      0 |     11 |     76 |   1 |  284.0 |
      Gauntlet |    872 |    872 |      0 |    279 |    301 |   1 |  872.0 |
               +--------+--------+--------+--------+--------+-----+--------+

Top non-repeatable levels by time:
Spider:2: 2335 daAuts
   Orc:2: 1892 daAuts
     D:6: 1884 daAuts
    D:14: 1745 daAuts
  Lair:5: 1531 daAuts
     D:7: 1480 daAuts
    D:10: 1442 daAuts
Spider:1: 1368 daAuts
     D:5: 1308 daAuts
    D:15: 1266 daAuts
  Lair:2: 1257 daAuts
    D:13: 1228 daAuts
    D:12: 1207 daAuts
  Lair:4: 1149 daAuts
  Lair:1: 1132 daAuts
